 Dungeon Crawl Stone Soup version 0.20.1-1-g8b1a95d (webtiles) character file.

140 Nattfarinn the Vexing (level 5, -2/36 HPs)
             Began as a Vampire Enchanter on Aug 2, 2017.
             Slain by an orc warrior (4 damage)
             ... on level 3 of the Dungeon.
             The game lasted 00:10:14 (3278 turns).

Nattfarinn the Vexing (Vampire Enchanter)           Turns: 3278, Time: 00:10:14

Health: -2/36      AC:  3    Str:  7    XL:     5   Next: 2%
Magic:  7/8        EV: 14    Int: 19    God:
Gold:   117        SH:  0    Dex: 14    Spells: 1/8 levels left

rFire    . . .     SeeInvis +   q - -1 flail (curse)
rCold    . . .     Gourm    .   (no shield)
rNeg     + . .     Faith    .   b - +0 robe
rPois    .         Spirit   .   r - +0 helmet
rElec    .         Reflect  .   (no cloak)
rCorr    .         Harm     .   (no gloves)
MR       .....                  (no boots)
Stlth    +++.......             (no amulet)
Regen    0.2/turn               o - +2 ring of evasion
MPRegen  0.2/turn               (no ring)

@: slowed, very slow
A: fangs 3, see invisible, unbreathing
a: Bat Form


You were on level 3 of the Dungeon.
You were not thirsty.

You visited 1 branch of the dungeon, and saw 3 of its levels.

You collected 117 gold pieces.

Inventory:

Hand Weapons
 a - a +1 dagger
 q - a cursed -1 flail (weapon)
Missiles
 e - 18 poisoned needles
Armour
 b - a +0 robe (worn)
 r - a +0 helmet (worn)
Jewellery
 o - a +2 ring of evasion (left hand)
Scrolls
 f - 2 scrolls of magic mapping
 g - a scroll of identify
 p - a scroll of enchant armour {unknown}
Potions
 d - 8 potions of blood
 h - 4 potions of haste {unknown}
 i - 2 potions of lignification {unknown}
 j - a potion of agility {unknown}
 k - a potion of flight {unknown}
 l - a potion of curing {unknown}
 n - a potion of mutation {unknown}
Books
 c - a book of Maledictions

   Spells                             Type                      Level
   a - Corona                         Hexes                        1
   b - Ensorcelled Hibernation        Hexes/Ice                    2
   c - Confuse                        Hexes                        3
   d - Tukima's Dance                 Hexes                        3
   e - Dazzling Spray                 Conjuration/Hexes            3


   Skills:
 * Level 0.3 Fighting
 + Level 1.9 Short Blades
 - Level 2.1 Dodging
 + Level 4.8 Stealth
 - Level 2.0 Spellcasting
 * Level 7.7 Hexes


You had one spell level left.
You knew the following spells:

 Your Spells              Type           Power        Failure   Level  Hunger
a - Corona                Hex            ####...      1%          1    #......
b - Confuse               Hex            ####....     2%          3    ###....
c - Tukima's Dance        Hex            ####....     2%          3    ###....


Dungeon Overview and Level Annotations

Branches:
Dungeon (3/15)

Altars:
Cheibriados
Fedhas
Qazlal
Trog
Vehumet
Zin


Innate Abilities, Weirdness & Mutations

You have razor-sharp teeth.
You have supernaturally acute eyesight. (SInv)
You can survive without breathing.


Message History

You closely miss the orc warrior. The orc warrior closely misses you.
The orc warrior misses you.
You barely miss the orc warrior. Your flail hits the orc!
The orc dies!
The orc warrior misses you.
Casting: Tukima's Dance
Confirm with . or Enter, or press ? or * to list all spells.
Aiming: Tukima's Dance
Press: ? - help, Shift-Dir - straight line, f - orc priest, p - orc warrior
Aim: an orc priest, wielding a war axe and wearing a leather armour (chance to defeat MR: 71%)
Okay, then.
You barely miss the orc warrior. The orc warrior hits you! x2
* * * LOW HITPOINT WARNING * * *
The orc priest hits your flail with a war axe!
Your flail falls from the air.
The orc priest looks braver for a moment.
The orc warrior misses you.
The orc wizard gestures at you while chanting.
You feel yourself slow down. The orc warrior hits you.
You die...

.....##.#...#.##
#.......#.#.#..#########
#(####...#............####
#......#####..#####.......
#.####.o.#....# #...####
#.# ###.#.#..######### #o#
#............# #.#
##.###.#####.# #.#######@#
#.# #...o.o.o.# #.#
#########.# #.### #.#
#...# # # #########.#
###.# #.#
#.....%...#####.###.###
#.#######.............##
#.# #..............## #รท#
#######.........##


You could see an orc warrior, an orc priest and 2 orc wizards.

Vanquished Creatures
  Jessica (D:2)
  3 adders (D:3)
  A howler monkey skeleton (D:3)
  3 dart slugs
  2 leopard geckos
  An orc (D:3)
  4 giant cockroaches
  8 goblins
  7 hobgoblins
  7 jackals
  5 kobolds
  2 quokkas (D:3)
  9 bats
  A frilled lizard (D:2)
  8 rats
62 creatures vanquished.

Vanquished Creatures (collateral kills)
  An orc (D:3)
1 creature vanquished.

Vanquished Creatures (others)
  A dancing weapon (D:3)
1 creature vanquished.

Grand Total: 64 creatures vanquished

Notes
Turn   | Place    | Note
-------+----------+-------------------------------------------
     0 | D:1      | Nattfarinn the Vampire Enchanter began the quest for the Orb.
     0 | D:1      | Reached XP level 1. HP: 13/13 MP: 3/3
   367 | D:1      | Reached skill level 5 in Hexes
   524 | D:1      | Reached XP level 2. HP: 19/19 MP: 5/5
   990 | D:1      | Reached skill level 6 in Hexes
  1345 | D:2      | Found a radiant altar of Vehumet.
  1349 | D:2      | Found a blossoming altar of Fedhas.
  1349 | D:2      | Found a bloodstained altar of Trog.
  1349 | D:2      | Found a glowing silver altar of Zin.
  1349 | D:2      | Found a snail-covered altar of Cheibriados.
  1350 | D:2      | Found a stormy altar of Qazlal.
  1353 | D:2      | Reached XP level 3. HP: 20/24 MP: 6/6
  1445 | D:2      | Noticed Jessica
  1451 | D:2      | Learned a level 3 spell: Confuse
  1464 | D:2      | Killed Jessica
  1521 | D:2      | Reached skill level 7 in Hexes
  1693 | D:2      | Reached XP level 4. HP: 30/30 MP: 7/7
  1698 | D:2      | Learned a level 3 spell: Tukima's Dance
  2531 | D:3      | Noticed an orc warrior
  3111 | D:3      | Reached XP level 5. HP: 15/36 MP: 8/8
  3278 | D:3      | Slain by an orc warrior

Skill      XL: |  1  2  3 |
---------------+----------+-----
Hexes          | 5 6 7 |  7.7
Fighting       | |  0.3
Short Blades   | |  1.9
Dodging        | |  2.1
Stealth        | |  4.8
Spellcasting   | |  2.0

Action                   |  1- 3 |  4- 6 || total
-------------------------+-------+-------++-------
Melee: Dagger            |   135 |   154 ||   289
       Bite              |     8 |    13 ||    21
       Flail             |       |     6 ||     6
 Cast: Corona            |     5 |       ||     5
       Confuse           |     3 |     2 ||     5
       Tukima's Dance    |       |     1 ||     1
  Use: Scroll            |       |     2 ||     2
 Stab: Sleeping          |     8 |    11 ||    19
       Distracted        |     1 |       ||     1
       Confused          |     1 |     1 ||     2
  Eat: Corpse            |     7 |     6 ||    13
Armor: Robe              |    34 |    31 ||    65
Dodge: Dodged            |    73 |   126 ||   199
